 Dungeon Crawl Stone Soup version 0.28.0-45-g0d030f2227 (webtiles) character file.

Game seed: 15137283623674726720

70 sking99 the Digger (level 4, -3/26 HPs)
             Began as a Gargoyle Earth Elementalist on May 20, 2022.
             Slain by Terence
             ... wielding a +0 trident
              (9 damage)
             ... on level 3 of the Dungeon.
             The game lasted 00:05:54 (2292 turns).

sking99 the Digger (Gargoyle Earth Elementalist)    Turns: 2292, Time: 00:05:55

Health: -3/26      AC:  6    Str: 13    XL:     4   Next: 21%
Magic:  0/7        EV: 11    Int: 16    God:
Gold:   30         SH:  0    Dex: 10    Spells: 2/7 levels left

rFire   . . .      SeeInvis .   f - +0 dagger
rCold   . . .      Faith    .   (no shield)
rNeg    + . .      Spirit   .   b - +0 robe
rPois   ∞          Reflect  .   (no helmet)
rElec   +          Harm     .   (no cloak)
rCorr   .          Rampage  .   (no gloves)
Will    +....                   g - +0 pair of boots
Stlth   ++........              (no amulet)
HPRegen 0.08/turn               h - ring of willpower
MPRegen 0.10/turn               (no ring)

@: no status effects
A: sickness immunity, AC +3, negative energy resistance 1, electricity
resistance, torment resistance 1, petrification resistance
a: no special abilities


You were on level 3 of the Dungeon.
You visited 1 branch of the dungeon, and saw 3 of its levels.

You collected 30 gold pieces.

Inventory:

Hand Weapons
 f - a +0 dagger (weapon)
Missiles
 c - 48 stones
Armour
 b - a +0 robe (worn)
 g - a +0 pair of boots (worn)
Jewellery
 h - a ring of willpower (left hand)
Scrolls
 e - a scroll of identify {unknown}
 i - 2 scrolls of fog {unknown}
Potions
 a - 4 potions of curing {unknown}
 d - 2 potions of attraction {unknown}
 j - a potion of brilliance {unknown}


   Skills:
 - Level 1.8 Fighting
 - Level 1.5 Dodging
 - Level 2.1 Stealth
 + Level 2.3 Spellcasting
 - Level 1.3 Transmutations
 * Level 1.5 Ice Magic
 - Level 4.3 Earth Magic


You had 2 spell levels left.
You knew the following spells:

 Your Spells              Type           Power      Damage    Failure   Level
a - Sandblast             Erth           30%        2d9       3%          1
b - Freeze                Ice            24%        1d5       11%         1
c - Stone Arrow           Conj/Erth      16%        3d8       26%         3

Your spell library contained the following spells:

 Spells                   Type           Power      Damage    Failure   Level
 Passwall                 Tmut/Erth      8%         N/A       10%         2
 Frozen Ramparts          Ice            12%        1d3       32%         3
 Gell's Gravitas          Tloc           1%         N/A       52%         3
 Teleport Other           Tloc           1%         N/A       52%         3
 Petrify                  Tmut/Erth      10%        N/A       54%         4
 Hailstorm                Conj/Ice       4%         3d4       82%         4
 Dispersal                Tloc           0%         N/A       100%        6


Dungeon Overview and Level Annotations

Branches:
Dungeon (3/15)

Altars:

Annotations:
D:3 Terence


Innate Abilities, Weirdness & Mutations

You are immune to sickness and miasma.
Your stone body is resilient. (AC +3)
You are immune to poison.
You resist negative energy. (rN+)
You are resistant to electric shocks. (rElec)
You are resistant to unholy torment.
You are immune to petrification.


Message History

You hit Terence but do no damage.
Terence is heavily wounded.
Terence closely misses you.
You barely miss Terence.
Terence is heavily wounded.
Terence closely misses you.
You hit Terence.
Terence is heavily wounded.
Terence hits you with a +0 trident.
Casting: Freeze (safe; 11% risk of failure)
Confirm with . or Enter, or press ? or * to list all spells.
Aiming: Freeze (safe; 11% risk of failure)
Press: ? - help, Shift-Dir - straight line, f/p - Terence
Aim: Terence, wielding a +0 trident and wearing a +0 scale mail (heavily wounded)
You freeze Terence.
Terence is severely wounded.
Terence hits you but does no damage.
You hit Terence but do no damage.
Terence is severely wounded.
Terence barely misses you.
You closely miss Terence.
Terence is severely wounded.
Terence hits you with a +0 trident.
* * * LOW HITPOINT WARNING * * *
You barely miss Terence.
Terence is severely wounded.
Terence barely misses you.
You hit Terence but do no damage.
Terence is severely wounded.
Terence misses you.
You hit Terence but do no damage.
Terence is severely wounded.
Terence hits you but does no damage.
You barely miss Terence.
Terence is severely wounded.
Terence hits you but does no damage.
You closely miss Terence.
Terence is severely wounded.
Terence hits you with a +0 trident!
You die...

.......+ ....... .....
## #..# ... #####..#
##.. #......# .....
#.####.##########
##...##.#......†.......
#....@@.#.#..##########
#.####### #+##


You could see Terence.

Vanquished Creatures
  An adder (D:2)
  2 dart slugs
  An orc (D:3)
  5 ball pythons
  3 endoplasms
  3 giant cockroaches
  6 goblins
  2 hobgoblins (D:1)
  8 jackals (D:1)
  5 kobolds
  2 quokkas
  3 bats (D:1)
  A frilled lizard (D:2)
  6 rats
48 creatures vanquished.

Vanquished Creatures (others)
  43 plants (D:1)
43 creatures vanquished.

Grand Total: 91 creatures vanquished

Notes
Turn   | Place    | Note
-------+----------+-------------------------------------------
     0 | D:1      | sking99 the Gargoyle Earth Elementalist began the quest for
                  | the Orb.
     0 | D:1      | Reached XP level 1. HP: 10/10 MP: 3/3
    87 | D:1      | Reached skill level 1 in Transmutations
    87 | D:1      | Reached XP level 2. HP: 12/16 MP: 3/5
   220 | D:1      | Reached skill level 4 in Earth Magic
   388 | D:1      | Reached skill level 1 in Fighting
   424 | D:1      | Reached XP level 3. HP: 20/20 MP: 3/6
   796 | D:1      | Found a faded altar of an unknown god.
   824 | D:1      | Learned a level 3 spell: Stone Arrow
   826 | D:1      | Learned a level 1 spell: Freeze
  1366 | D:2      | Reached skill level 1 in Ice Magic
  1532 | D:2      | Reached XP level 4. HP: 25/25 MP: 2/7
  2147 | D:3      | Noticed an orc warrior
  2273 | D:3      | Noticed Terence
  2292 | D:3      | Slain by Terence

Illustrated notes

Levels and vault maps discovered:
D:1:      beargit_arrival_greenhouse, layout_basic, basic_ecumenical_altar,
          serial_bayou, serial_bayou_lagoon_a, serial_bayou_pond_d,
          serial_bayou_lake_a, serial_bayou_crossing
D:2:      layout_loops_ring
D:3:      minmay_general_purpose_star, layout_basic, uniq_natasha, uniq_ijyb,
          uniq_terence

Skill      XL: |  1  2  3 |
---------------+----------+-----
Transmutations | 1 |  1.3
Earth Magic    | 4 |  4.3
Fighting       | 1 |  1.8
Ice Magic      | 1 |  1.5
Dodging        | |  1.5
Stealth        | |  2.1
Spellcasting   | |  2.3

Action                   |  1- 3 |  4- 6 || total
-------------------------+-------+-------++-------
Melee: Unarmed           |     3 |       ||     3
       Dagger            |    31 |    10 ||    41
       Punch             |     1 |       ||     1
 Cast: Sandblast         |    34 |    15 ||    49
       Freeze            |    19 |     7 ||    26
Armor: Robe              |    31 |     6 ||    37
Dodge: Dodged            |    51 |     8 ||    59
